AoeStats
← TRX

Arabian Desert

510020077Analyzed
1v1 RM · 2d ago on Sep 29, 2026· 40m 34s· 2 players
Game mode
Random Map
Map size
Tiny (2 player)
Population
200
Speed
Normal
Resources
Standard
Victory
Conquest
Starting age
Dark Age
Ending age
Imperial Age
RankedLock teamsTeams togetherTeam positionsShared explorationLock speedFull tech treeHidden civsTurbo modeCheats
Victory
Defeat
🇺🇸 Saxons · United States
1308
+16
🇨🇦 Goths · Canada
1308
-16
Silence
7:01 Loom
9:31 Feudal Age
9:35 Man-at-Arms
10:06 Double-Bit Axe
12:18 Horse Collar
12:54 Town Watch
16:55 Fletching
19:24 Padded Archer Armor
25:05 Castle Age
25:12 Wheelbarrow
25:28 Forging
26:05 Leather Archer Armor
25:13 Elite Skirmisher
29:01 Wheelbarrow
28:01 Long Swordsman
28:42 Squires
37:03 Bodkin Arrow
37:18 Scale Mail Armor
39:21 Bow Saw
TRX
6:27 Loom
8:48 Feudal Age
9:24 Double-Bit Axe
15:55 Fletching
16:50 Padded Archer Armor
18:04 Gold Mining
24:39 Castle Age
25:04 Crossbowman
25:47 Bodkin Arrow
26:23 Scale Mail Armor
26:33 Forging
27:14 Gambesons
27:30 Squires
27:15 Arson
29:00 Chain Mail Armor
39:08 Iron Casting
38:25 Horse Collar
39:45 Wheelbarrow
Connection lost

Rejoining the realm…

Still unreachable

The connection could not be restored.

Session expired

The server has moved on; the page needs a fresh start.